[Event "Team 45 45 League T50"]
[Site "Internet Chess Club"]
[Date "2011.08.15"]
[Round "1"]
[White "ChessicalZ"]
[Black "Monsieur"]
[Result "1-0"]
[WhiteElo "1682"]
[BlackElo "1469"]
[Opening "English opening"]
[ECO "A10"]
[Time "13:01:53"]
[TimeControl "2700+45"]

1. c4 g5 2. Nc3 d6 3. e4 e5 4. d4 Nc6 5. dxe5 Nxe5 6. Be3 c6 7. Be2 Be6 8. b3
Be7 9. Nf3 Ng4 10. Bd4 Ne5 11. Nxe5 dxe5 12. Bxe5 Bf6 13. Bxf6 Nxf6 14. Qc2 Qc7
15. Rd1 h5 16. Qd2 Rg8 17. Qd4 Nd7 18. O-O O-O-O 19. Qxa7 Qb8 20. Qxb8+ Nxb8 21.
Rxd8+ Kxd8 22. Rd1+ Ke7 23. c5 Nd7 24. b4 Ne5 25. a4 h4 26. b5 Nd7 27. bxc6 bxc6
28. Rd6 Rc8 29. Rd1 Nxc5 30. f3 Bb3 31. Ra1 Ra8 32. a5 Be6 33. a6 Bc8 34. a7 f6
35. Kf2 Kd6 36. Ke3 Kc7 37. Ra3 Kb6 38. g3 h3 39. Bc4 Bd7 40. Kd4 Be6 41. Na4+
Nxa4 42. Rxa4 c5+ 43. Kc3 Bxc4 44. Kxc4 Kb7 45. f4 gxf4 46. gxf4 Kb6 47. Ra3 Kb7
48. Rxh3 Kxa7 49. Ra3+ Kb7 50. Rxa8 Kxa8 51. Kxc5 Kb8 52. Kd6 {Black resigns}
1-0

[Event "Team 45 45 League T50"]
[Site "Internet Chess Club"]
[Date "2011.08.16"]
[Round "1"]
[White "BishopMike"]
[Black "KyleMayhugh"]
[Result "0-1"]
[WhiteElo "1362"]
[BlackElo "1393"]
[Opening "Danish gambit"]
[ECO "C21"]
[Time "23:00:20"]
[TimeControl "2700+45"]

1. e4 e5 2. d4 exd4 3. c3 dxc3 4. Bc4 d6 5. Nf3 Bg4 6. Nxc3 Nc6 7. Bxf7+ Kxf7 8.
Ng5+ Qxg5 9. Bxg5 Bxd1 10. Rxd1 Be7 11. Be3 Nf6 12. O-O Ne5 13. Nb5 Rhc8 14. f4
Nc4 15. Bd4 c5 16. Bxf6 gxf6 17. Rf2 Nb6 18. e5 dxe5 19. fxe5 Rd8 20. Re1 Nd5
21. e6+ Kg7 22. Rf3 a6 23. Rg3+ Kf8 24. Na3 Nf4 25. Nc4 Rd3 26. Rg4 Ng6 27. Nb6
Rad8 28. Nd7+ Kg7 29. h4 f5 30. Rc4 Bxh4 31. Rxc5 Bxe1 32. Rxf5 R8xd7 33. exd7
Rxd7 34. Rf1 Bg3 {White resigns} 0-1

[Event "Team 45 45 League T50"]
[Site "Internet Chess Club"]
[Date "2011.08.14"]
[Round "1"]
[White "Andressa"]
[Black "achessfool"]
[Result "1/2-1/2"]
[WhiteElo "1447"]
[BlackElo "1537"]
[Opening "Giuoco Piano: four knights variation"]
[ECO "C47"]
[Time "10:06:35"]
[TimeControl "2700+45"]

1. e4 e5 2. Nc3 Nf6 3. Nf3 Nc6 4. Bc4 Bc5 5. O-O O-O 6. a3 d6 7. d3 Bg4 8. Be3
Bxf3 9. Qxf3 Nd4 10. Qd1 c6 11. b4 Bb6 12. Ne2 Nxe2+ 13. Qxe2 d5 14. exd5 cxd5
15. Bb3 h6 16. Bxb6 Qxb6 17. Qxe5 Rfe8 18. Qf5 Qd4 19. Rae1 Rxe1 20. Rxe1 Qc3
21. Rf1 Re8 22. g3 d4 23. Qb5 b6 24. Qc4 Qxc4 25. Bxc4 Re2 26. Bb3 Ng4 27. h3
Ne5 28. f4 Ng6 29. Rf2 Re3 30. Kg2 Ne7 31. Rf3 Re2+ 32. Rf2 Re1 33. Rf1 Re2+ 34.
Kf3 Re3+ 35. Kf2 Nf5 36. Rg1 h5 37. h4 Nh6 38. Rg2 Ng4+ 39. Kf1 Rf3+ 40. Ke2
Re3+ 41. Kd2 Rf3 42. Ke2 Re3+ 43. Kd2 Rf3 44. Bd5 Rf1 45. Re2 Ne3 46. Rh2 Ra1
47. Rh1 Rxh1 48. Bxh1 Nf1+ 49. Kc1 Nxg3 50. Bf3 Nf5 51. Bxh5 Nxh4 52. Kd2 Ng2
53. f5 Ne3 54. f6 g6 55. Bf3 Nf1+ 56. Ke2 Ng3+ 57. Kd2 Nf5 58. c3 g5 59. Be4
dxc3+ 60. Kxc3 Nd6 61. Bc6 g4 62. Kd2 Nf5 63. Bd7 Nh6 64. Ke3 g3 65. Kf3 Kf8 66.
Kxg3 Ng8 67. Kf4 Nxf6 68. Bc8 Ke7 69. Ke5 Ne8 70. Kf4 Nd6 71. Bh3 Nb5 72. a4 Nc3
73. a5 Nd5+ 74. Ke4 Nxb4 75. axb6 axb6 76. Kd4 Kd6 77. Kc4 Nd5 78. Kb5 Kc7 79.
Bg2 Nf4 80. Be4 f6 81. Bf5 Ne2 82. Bg4 Nc3+ 83. Kc4 Na4 84. Kb4 Nc5 85. d4 Ne4
86. Kb5 Nd6+ 87. Kb4 Nb7 88. d5 Nd6 89. Be6 f5 90. Kc3 f4 91. Bg4 Nb5+ 92. Kc4
Nd6+ 93. Kd4 Nf7 94. Ke4 Kd6 95. Kxf4 Kxd5 96. Bf3+ Kc5 97. Ke3 Kc4 98. Kd2 Kb3
99. Bd1+ Kb2 100. Be2 Nd6 101. Ba6 Ne4+ 102. Ke3 Nd6 103. Kd4 Kb3 104. Kd5 Nf5
105. Kc6 Nd4+ 106. Kxb6 {Game drawn because neither player has mating material}
1/2-1/2

[Event "Team 45 45 League T50"]
[Site "Internet Chess Club"]
[Date "2011.08.14"]
[Round "1"]
[White "Morphys-GGS"]
[Black "Sandia"]
[Result "1-0"]
[WhiteElo "1455"]
[BlackElo "1316"]
[Opening "Scotch gambit"]
[ECO "C44"]
[Time "12:06:42"]
[TimeControl "2700+45"]

1. e4 e5 2. Nf3 Nc6 3. d4 exd4 4. Bc4 f6 5. O-O d6 6. Nxd4 Nxd4 7. Qxd4 Ne7 8.
Nc3 c5 9. Qd1 a6 10. a4 Bd7 11. Be3 Bc6 12. Nd5 Nxd5 13. exd5 Bd7 14. Re1 Be7
15. a5 O-O 16. Bxc5 Bb5 17. Bb6 Qd7 18. Bb3 Rac8 19. Qd4 Qe8 20. Rac1 Qf7 21. c4
Bd7 22. Qe3 Rfe8 23. Qd3 Bd8 24. Bxd8 Rcxd8 25. c5 Rxe1+ 26. Rxe1 Re8 27. Re3
Rxe3 28. Qxe3 Qf8 29. c6 Bc8 30. cxb7 Bxb7 31. Qe6+ Kh8 32. Qe3 h6 33. Qd3 Qe8
34. Kf1 Qe5 35. Bc2 Kg8 36. Qh7+ Kf8 37. Bg6 Qxd5 38. Qh8+ Qg8 39. Qxg8+ Kxg8
40. g3 Bc8 41. Ke2 Kf8 42. Ke3 Ke7 43. Kd4 Ke6 44. f4 f5 45. Bh5 Bb7 46. Be2 Kd7
47. Bc4 Ke7 48. b4 g5 49. fxg5 hxg5 50. Ke3 d5 51. Bd3 Ke6 52. b5 axb5 53. Bxb5
Ke5 54. a6 Ba8 55. Bd7 d4+ 56. Kd3 Be4+ 57. Kd2 Kd6 58. Bc8 Kc7 59. Be6 Kb6 60.
Bc4 Kc5 61. Bd3 Kb6 62. Be2 Ka7 63. Bd3 Kb6 64. Bxe4 fxe4 65. h4 e3+ 66. Kd3
gxh4 67. gxh4 Kxa6 68. h5 {Black resigns} 1-0

[Event "Team 45 45 League T50"]
[Site "Internet Chess Club"]
[Date "2011.08.15"]
[Round "1"]
[White "sockmonkey"]
[Black "TheronUAL"]
[Result "0-1"]
[WhiteElo "1264"]
[BlackElo "1611"]
[Opening "Torre attack (Tartakower variation)"]
[ECO "D03"]
[Time "09:03:53"]
[TimeControl "2700+45"]

1. d4 d5 2. Nf3 Nf6 3. Bg5 h6 4. Bxf6 exf6 5. e3 Bg4 6. Nbd2 Bd6 7. Bd3 O-O 8.
O-O c5 9. c3 c4 10. Bc2 Nc6 11. e4 Ne7 12. exd5 Qc7 13. Qe1 Rfe8 14. Ne4 Nxd5
15. Qd2 Bf4 16. Qe1 f5 17. h3 Bxf3 18. gxf3 fxe4 19. fxe4 Qc8 20. Kg2 Re6 21. e5
Qd8 22. Rg1 Qg5+ 23. Kf3 Qh5+ 24. Ke4 Rd8 25. Rxg7+ Kxg7 26. Qg1+ Kf8 27. Qg4
Qxg4 28. hxg4 Bg5 29. b3 b5 30. bxc4 bxc4 31. Rc1 Nxc3+ 32. Kf5 Rxd4 {White
resigns} 0-1

[Event "Team 45 45 League T50"]
[Site "Internet Chess Club"]
[Date "2011.08.12"]
[Round "1"]
[White "Oscar"]
[Black "milesotoole"]
[Result "1/2-1/2"]
[WhiteElo "1578"]
[BlackElo "1606"]
[Opening "Sicilian: closed"]
[ECO "B23"]
[Time "21:59:59"]
[TimeControl "2700+45"]

1. e4 c5 2. Nc3 g6 3. f4 Bg7 4. Nf3 Nc6 5. Bb5 Nd4 6. O-O e6 7. d3 Ne7 8. a4 O-O
9. Ne2 Nxf3+ 10. Rxf3 d5 11. exd5 exd5 12. d4 a6 13. f5 Nxf5 14. Bd3 Nxd4 15.
Nxd4 Bxd4+ 16. Be3 Bg4 17. Bxd4 Bxf3 18. Qxf3 cxd4 19. Rf1 Qd6 20. Qg4 b6 21.
Kh1 Qc5 22. h4 Rfe8 23. h5 Re7 24. hxg6 fxg6 25. g3 Rae8 26. Kg2 Qb4 27. Bxg6
Rg7 28. Bf7+ Kh8 29. Qd7 Reg8 30. Rf3 Qd2+ 31. Kh3 Qg5 32. Qd6 Qg4+ 33. Kg2 Ra8
34. Qxd5 Rc8 35. c3 dxc3 36. bxc3 Qxa4 37. Be6 Re8 38. Qd6 Qc2+ 39. Kh3 Qg6 40.
Rf8+ Rxf8 41. Qxf8+ Rg8 42. Bxg8 Qg7 43. Qxg7+ Kxg7 44. Ba2 {Game drawn by
mutual agreement} 1/2-1/2

[Event "Team 45 45 League T50"]
[Site "Internet Chess Club"]
[Date "2011.08.14"]
[Round "1"]
[White "chicopee-ed"]
[Black "chesskix"]
[Result "0-1"]
[WhiteElo "1350"]
[BlackElo "1444"]
[Opening "Dutch"]
[ECO "A80"]
[Time "17:00:09"]
[TimeControl "2700+45"]

1. d4 f5 2. Nf3 Nf6 3. c4 e6 4. e3 Be7 5. Nc3 O-O 6. Bd3 b6 7. O-O Bb7 8. Re1
Qe8 9. e4 fxe4 10. Nxe4 Qh5 11. b3 Ng4 12. h3 Nf6 13. Bb2 Na6 14. a3 Nxe4 15.
Bxe4 Bxe4 16. Rxe4 Bf6 17. Ne5 Qxd1+ 18. Rxd1 Bxe5 19. Rxe5 c6 20. Rde1 Nc7 21.
Bc1 b5 22. a4 bxc4 23. bxc4 Rab8 24. Ba3 Rf7 25. Bd6 Rb7 26. Bxc7 Rxc7 27. Rb1
g6 28. Rb8+ Kg7 29. Re2 Rf4 30. d5 cxd5 31. cxd5 Rc1+ 32. Kh2 exd5 33. Re7+ Rf7
34. Rxf7+ Kxf7 35. Rb7 Ke6 36. Rxa7 d4 37. Ra6+ Rc6 38. Ra5 d3 39. f4 Rd6 40.
Re5+ Kf6 41. Re1 d2 42. Rd1 Kf5 43. a5 Kxf4 44. a6 Ke3 45. a7 Ra6 {White
resigns} 0-1

[Event "Team 45 45 League T50"]
[Site "Internet Chess Club"]
[Date "2011.08.11"]
[Round "1"]
[White "mrmarck"]
[Black "Just-Jim"]
[Result "1-0"]
[WhiteElo "1321"]
[BlackElo "1355"]
[Opening "Queen's gambit accepted"]
[ECO "D20"]
[Time "18:00:27"]
[TimeControl "2700+45"]

1. d4 d5 2. c4 dxc4 3. e3 b5 4. Nc3 a6 5. Nf3 Bb7 6. Be2 e6 7. O-O Nf6 8. b3 Bb4
9. Bb2 Bxc3 10. Bxc3 Nd5 11. Qc2 b4 12. bxc4 Nxc3 13. a4 Be4 14. Qb2 a5 15. Rac1
Nxa4 16. Qb3 Nc3 17. Rxc3 bxc3 18. Qxc3 O-O 19. Rd1 c6 20. Ne5 Na6 21. f3 Bg6
22. Nxc6 Qb6 23. Nxa5 Qb4 24. Qxb4 Nxb4 25. Nb7 Ra7 26. Nd6 Rfa8 27. Kf2 Ra2 28.
Kf1 Ra1 29. c5 Rxd1+ 30. Bxd1 Ra1 31. Ke2 Bd3+ 32. Kd2 Ra2+ 33. Kc3 Nc2 34. Kxd3
Ne1+ 35. Kc4 Nxg2 36. c6 Nxe3+ 37. Kc5 Nxd1 38. c7 Rc2+ 39. Nc4 Ne3 40. c8=Q#
{Black checkmated} 1-0

[Event "Team 45 45 League T50"]
[Site "Internet Chess Club"]
[Date "2011.08.19"]
[Round "1"]
[White "fuzzface"]
[Black "bowwrestler"]
[Result "1-0"]
[WhiteElo "1367"]
[BlackElo "1259"]
[Opening "Queen's Indian accelerated"]
[ECO "A50"]
[Time "11:00:36"]
[TimeControl "2700+45"]

1. d4 Nf6 2. c4 b6 3. Nf3 Bb7 4. Nc3 d5 5. Bg5 Nbd7 6. e3 e6 7. Bd3 c5 8. O-O h6
9. Bxf6 Nxf6 10. Ne5 Bd6 11. f4 O-O 12. Nb5 Ne4 13. Bxe4 dxe4 14. Nxd6 Qxd6 15.
Re1 Rfd8 16. Qh5 Rf8 17. Rad1 f6 18. Ng6 Rfe8 19. dxc5 Qxc5 20. Qxc5 bxc5 21.
Rd7 Ba6 22. b3 Kh7 23. Nh4 Bc8 24. Rc7 e5 25. f5 Rd8 26. Rxc5 Rd2 27. a4 Rb2 28.
Rb5 Bd7 29. Rb7 Bxa4 30. Rd1 Bxb3 31. Rd6 Rb1+ 32. Kf2 Bc2 33. Re7 Kg8 34. Rdd7
Rbb8 35. Rxg7+ Kf8 36. Ng6+ Ke8 37. Rde7+ Kd8 38. Rg8# {Black checkmated} 1-0

[Event "Team 45 45 League T50"]
[Site "Internet Chess Club"]
[Date "2011.08.11"]
[Round "1"]
[White "quotha"]
[Black "Nakke"]
[Result "1/2-1/2"]
[WhiteElo "1691"]
[BlackElo "1697"]
[Opening "Old Benoni defense"]
[ECO "A43"]
[Time "16:00:55"]
[TimeControl "2700+45"]

1. d4 c5 2. dxc5 Na6 3. Nf3 Nxc5 4. b4 Ne4 5. Bb2 Ngf6 6. h3 e6 7. a3 d5 8. e3
Qc7 9. Bd3 Bd6 10. O-O O-O 11. Nbd2 Nc3 12. Bxc3 Qxc3 13. e4 Rd8 14. exd5 exd5
15. Nb3 g6 16. Nfd4 Bd7 17. Qf3 Kg7 18. Be2 Rac8 19. Qxc3 Rxc3 20. Bd3 Nh5 21.
Ne2 Rcc8 22. Rfd1 Be6 23. Nbd4 Nf4 24. Nxf4 Bxf4 25. Re1 Kf6 26. Rad1 Be5 27.
Nb3 Bb2 28. Nc5 b6 29. Nxe6 fxe6 30. Re3 e5 31. Rb1 Bd4 32. Re2 Rc3 33. Rb3 Rdc8
34. Kf1 e4 35. Rxc3 Rxc3 36. Bb5 Rxa3 37. Bc6 Ke5 38. b5 Kd6 39. Rd2 Kc5 40. Be8
Bc3 41. Rd1 a5 42. bxa6 Rxa6 43. Rb1 Ra1 44. Rxa1 Bxa1 45. Ba4 Be5 46. Ke2 d4
47. Bb3 Kb4 48. Kd1 {Game drawn by mutual agreement} 1/2-1/2

[Event "Team 45 45 League T50"]
[Site "Internet Chess Club"]
[Date "2011.08.15"]
[Round "1"]
[White "dschesq"]
[Black "gandre"]
[Result "0-1"]
[WhiteElo "1580"]
[BlackElo "1724"]
[Opening "Réti: advance variation"]
[ECO "A09"]
[Time "10:00:29"]
[TimeControl "2700+45"]

1. Nf3 d5 2. c4 d4 3. g3 f6 4. Bg2 c5 5. d3 Nc6 6. O-O e5 7. Re1 Nge7 8. e3 dxe3
9. fxe3 Ng6 10. Nc3 Be7 11. d4 cxd4 12. Nd5 dxe3 13. Bxe3 O-O 14. Qc2 Be6 15.
Rad1 Qc8 16. Nd2 Rd8 17. Be4 f5 18. Bg2 Bd6 19. Nf3 e4 20. Ng5 Nge5 21. c5 Bxd5
22. Rxd5 Bf8 23. Rxd8 Qxd8 24. Qb3+ Kh8 25. Nf7+ Nxf7 26. Qxf7 Qc8 27. Rd1 Be7
28. Bh3 Bf6 29. b3 Ne5 30. Qd5 g6 31. Bf4 Nd3 32. Bd6 Qc6 33. Qf7 Bg7 34. Bf1
Bd4+ 35. Kg2 e3+ 36. Kh3 Nf2+ 37. Kh4 Nxd1 {White resigns} 0-1

[Event "Team 45 45 League T50"]
[Site "Internet Chess Club"]
[Date "2011.08.14"]
[Round "1"]
[White "Just-Jim"]
[Black "nanning"]
[Result "0-1"]
[WhiteElo "1370"]
[BlackElo "1513"]
[Opening "Queen's pawn, Mason variation"]
[ECO "D00"]
[Time "14:59:12"]
[TimeControl "2700+45"]

1. d4 d5 2. Bf4 Nf6 3. Nc3 c6 4. h3 g6 5. Nf3 Bg7 6. e3 O-O 7. Be2 Nbd7 8. O-O
e6 9. Nh2 c5 10. Nb5 Ne4 11. Nc7 e5 12. Nxa8 exf4 13. Bf3 Ndf6 14. dxc5 Be6 15.
exf4 Qxa8 16. g4 Nxc5 17. g5 Nfe4 18. Bxe4 Nxe4 19. c3 Bxh3 20. Re1 Rd8 21. Qf3
Qc8 22. Qe3 b6 23. Rad1 Bf5 24. f3 Nc5 25. Rd2 Ne6 26. Red1 Qc4 27. b3 Qxf4 28.
Qxf4 Nxf4 29. c4 d4 30. Kf2 Nh3+ 31. Kf1 Nxg5 32. f4 Ne4 {White resigns} 0-1

[Event "Team 45 45 League T50"]
[Site "Internet Chess Club"]
[Date "2011.08.13"]
[Round "1"]
[White "Portola"]
[Black "Duguesclin"]
[Result "1/2-1/2"]
[WhiteElo "1737"]
[BlackElo "1631"]
[Opening "Queen's pawn game"]
[ECO "A46"]
[Time "09:00:29"]
[TimeControl "2700+45"]

1. d4 Nf6 2. Nf3 e6 3. Bf4 d5 4. e3 c5 5. c3 Nc6 6. Nbd2 c4 7. a4 Bd7 8. Be2 Be7
9. O-O O-O 10. h3 a6 11. b3 b5 12. axb5 axb5 13. b4 Qb6 14. Qc2 h6 15. Ra2 Ra7
16. Rfa1 Rfa8 17. Qb2 Ra4 18. Bd1 Rxa2 19. Rxa2 Rxa2 20. Qxa2 Qa7 21. Qb2 Ne4
22. Nxe4 dxe4 23. Nd2 f5 24. f3 g5 25. Bg3 exf3 26. Bxf3 Kg7 27. Kh1 Bf6 28. Bd6
Ne7 29. Bc5 Qc7 30. e4 fxe4 31. Nxe4 Bc6 32. Qf2 Qf4 33. Nxf6 Kxf6 34. Qe2 Bxf3
35. Bxe7+ Kxe7 36. Qxf3 Qxf3 37. gxf3 Kd6 38. Kg2 e5 39. dxe5+ Kxe5 40. Kg3 h5
41. Kg2 h4 42. Kf1 Kf5 43. Kg1 Ke5 44. Kf1 Kf5 45. Kg2 Ke5 {Game drawn by mutual
agreement} 1/2-1/2

[Event "Team 45 45 League T50"]
[Site "Internet Chess Club"]
[Date "2011.08.13"]
[Round "1"]
[White "aphort0212"]
[Black "rubo"]
[Result "0-1"]
[WhiteElo "1628"]
[BlackElo "1721"]
[Opening "Caro-Kann: Rasa-Studier gambit"]
[ECO "B15"]
[Time "14:00:52"]
[TimeControl "2700+45"]

1. e4 c6 2. d4 d5 3. Nc3 dxe4 4. f3 exf3 5. Nxf3 Bg4 6. Be2 Nf6 7. Bf4 e6 8. O-O
Bd6 9. Qd2 Qc7 10. Ne5 Bxe2 11. Qxe2 O-O 12. Ne4 Nxe4 13. Qxe4 Nd7 14. Rad1 Nf6
15. Qf3 c5 16. c3 Rad8 17. Rfe1 cxd4 18. Rxd4 Bc5 19. Ng6 Bxd4+ 20. cxd4 Qa5 21.
Ne7+ Kh8 22. Qc3 Qxc3 23. bxc3 Rd7 24. Rb1 Ne8 25. d5 Rxe7 26. d6 Rd7 27. Rd1 f6
28. Be3 b6 29. Bc1 Nxd6 30. Ba3 Rfd8 {White resigns} 0-1

[Event "Team 45 45 League T50"]
[Site "Internet Chess Club"]
[Date "2011.08.13"]
[Round "1"]
[White "g8wrb"]
[Black "Oscar"]
[Result "1/2-1/2"]
[WhiteElo "1377"]
[BlackElo "1569"]
[Opening "French: Tarrasch, open variation"]
[ECO "C07"]
[Time "08:00:11"]
[TimeControl "2700+45"]

1. e4 e6 2. d4 d5 3. Nd2 c5 4. Ngf3 Nc6 5. exd5 Qxd5 6. Bc4 Qd8 7. O-O cxd4 8.
Nb3 Nf6 9. Nbxd4 Bd7 10. Bg5 Be7 11. Re1 Rc8 12. Qd3 Na5 13. Bb5 O-O 14. b4 Nc6
15. Nxc6 Bxc6 16. Qxd8 Rfxd8 17. Bxc6 Rxc6 18. Rac1 Ra6 19. Ra1 Rc6 20. Re2 Nd5
21. Bxe7 Nxe7 22. Rc1 Rcd6 23. Kf1 Nd5 24. a3 Nc3 25. Re3 Rd1+ 26. Rxd1 Rxd1+
27. Re1 Rd5 28. Re3 Rd1+ {Game drawn by mutual agreement} 1/2-1/2

[Event "Team 45 45 League T50"]
[Site "Internet Chess Club"]
[Date "2011.08.14"]
[Round "1"]
[White "drsigmund1"]
[Black "AtomicDog"]
[Result "0-1"]
[WhiteElo "1434"]
[BlackElo "1441"]
[Opening "Sicilian: Grand Prix attack"]
[ECO "B23"]
[Time "09:00:24"]
[TimeControl "2700+45"]

1. e4 c5 2. Nc3 Nc6 3. f4 g6 4. Nf3 Bg7 5. Bb5 Nd4 6. Nxd4 cxd4 7. Ne2 Qb6 8.
Bc4 d6 9. d3 Nf6 10. h3 O-O 11. O-O e6 12. e5 dxe5 13. fxe5 Ne4 14. Kh1 Nc5 15.
Nxd4 Bxe5 16. Nf3 Bg3 17. Ng5 Qc7 18. Qf3 h5 19. b4 Na4 20. Ne4 Be5 21. Nf6+ Kg7
22. Rb1 Nc3 23. Rb3 Nxa2 24. Bb2 Bxb2 25. Rxb2 Nc3 26. g4 hxg4 27. Qxg4 Rh8 28.
Qd4 Rxh3+ {White resigns} 0-1

[Event "Team 45 45 League T50"]
[Site "Internet Chess Club"]
[Date "2011.08.15"]
[Round "1"]
[White "chiiwen"]
[Black "Buckeye22"]
[Result "1-0"]
[WhiteElo "2219"]
[BlackElo "2043"]
[Opening "French: Tarrasch, open variation"]
[ECO "C07"]
[Time "11:03:52"]
[TimeControl "2700+45"]

1. e4 e6 2. d4 d5 3. Nd2 c5 4. Ngf3 cxd4 5. Nxd4 Nc6 6. Bb5 Bd7 7. Nxc6 Bxc6 8.
Bxc6+ bxc6 9. c4 dxe4 10. Nxe4 Qxd1+ 11. Kxd1 Rd8+ 12. Kc2 Rd4 13. Nd2 Bb4 14.
b3 Nf6 15. a3 Be7 16. Bb2 Rd7 17. f3 O-O 18. b4 a5 19. Bc3 axb4 20. axb4 Rb7 21.
Rhb1 Rfb8 22. Ra6 Rc8 23. Nb3 Nd7 24. Na5 Rbc7 25. c5 Bf6 26. Rd1 Nb8 27. Ra8
Bxc3 28. Kxc3 Kf8 29. Nc4 Ke7 30. Nb6 Re8 31. Rd6 Rb7 32. Nc4 f6 33. Na5 Rc7 34.
Rxb8 Rxb8 35. Nxc6+ Rxc6 36. Rxc6 e5 37. Rc7+ Ke6 38. Rxg7 h5 39. Kc4 {Black
resigns} 1-0

[Event "Team 45 45 League T50"]
[Site "Internet Chess Club"]
[Date "2011.08.14"]
[Round "1"]
[White "snottgoblin"]
[Black "AronT"]
[Result "0-1"]
[WhiteElo "2022"]
[BlackElo "2162"]
[Opening "English: Neo-Catalan declined"]
[ECO "A14"]
[Time "21:03:20"]
[TimeControl "2700+45"]

1. Nf3 Nf6 2. c4 e6 3. g3 d5 4. Bg2 Be7 5. O-O dxc4 6. Qa4+ Nbd7 7. Qxc4 a6 8.
d4 b5 9. Qc2 Bb7 10. a3 c5 11. Rd1 Rc8 12. dxc5 Bxc5 13. Nc3 O-O 14. e4 Qc7 15.
Qe2 Rfd8 16. Bg5 Ne5 17. Bf4 Nxf3+ 18. Bxf3 Qb6 19. Rac1 h6 20. h4 Bd4 21. Bd2
e5 22. Kg2 Qe6 23. g4 Qc4 24. Qe1 Qb3 25. g5 hxg5 26. hxg5 Ne8 27. Rb1 Nd6 28.
Nd5 Bxd5 29. exd5 Rc2 30. Qh1 e4 31. Be2 Qxd5 32. Qh5 g6 33. Qh3 Rxd2 {White
resigns} 0-1

[Event "Team 45 45 League T50"]
[Site "Internet Chess Club"]
[Date "2011.08.15"]
[Round "1"]
[White "Babaliyev"]
[Black "jefferyx"]
[Result "1/2-1/2"]
[WhiteElo "1925"]
[BlackElo "2141"]
[Opening "Queen's Indian: old main line, 9.Qxc3"]
[ECO "E19"]
[Time "18:01:12"]
[TimeControl "2700+45"]

1. d4 Nf6 2. c4 e6 3. Nf3 b6 4. g3 Bb7 5. Bg2 Be7 6. Nc3 O-O 7. O-O Ne4 8. Qc2
Nxc3 9. Qxc3 f5 10. Bf4 Bf6 11. Rad1 d6 12. Qe3 Re8 13. Ng5 Bxg2 14. Kxg2 Qe7
15. Qf3 Nd7 16. Qc6 Bxg5 17. Bxg5 Qxg5 18. Qxd7 Re7 19. Qc6 Rf8 20. f4 Qg4 21.
Rde1 Kh8 22. e4 h5 23. h3 Qg6 24. c5 dxc5 25. dxc5 h4 26. Rf3 Rd8 27. Re2 hxg3
28. cxb6 cxb6 29. exf5 Qxf5 30. Re5 Qf6 31. Kxg3 Qg6+ 32. Rg5 Qb1 33. Qc3 Kg8
34. Qf6 Rde8 35. h4 Qg1+ 36. Kh3 Qh1+ 37. Kg3 Qe1+ 38. Kh3 Rf7 39. Qe5 Qh1+ 40.
Kg3 Qg1+ 41. Kh3 Qd1 42. Kg3 Rd7 43. f5 Qg1+ 44. Kh3 Qh1+ 45. Kg3 Qg1+ 46. Kh3
Qh1+ 47. Kg3 Qg1+ {Game drawn by repetition} 1/2-1/2

[Event "Team 45 45 League T50"]
[Site "Internet Chess Club"]
[Date "2011.08.12"]
[Round "1"]
[White "imgr8"]
[Black "mitus"]
[Result "0-1"]
[WhiteElo "2133"]
[BlackElo "1808"]
[Opening "English, 1...Nf6 (Anglo-Indian defense)"]
[ECO "A13"]
[Time "08:34:40"]
[TimeControl "2700+45"]

1. c4 Nf6 2. g3 e6 3. Bg2 d5 4. Nf3 Nbd7 5. O-O Be7 6. b3 c6 7. Bb2 Qc7 8. d4
O-O 9. Qc2 b6 10. Nbd2 Bb7 11. Rae1 Rfe8 12. Ne5 Nxe5 13. dxe5 Ng4 14. e4 dxc4
15. Nxc4 b5 16. Nd6 Bxd6 17. exd6 Qxd6 18. e5 Qc7 19. h3 Nh6 20. Bc1 Nf5 21. g4
Ne7 22. Be4 Ng6 23. f4 c5 24. Bxb7 Qxb7 25. Qxc5 Rac8 26. Qf2 Rc3 27. Re3 Rec8
28. Rxc3 Rxc3 29. Kh2 Qc6 30. Bd2 Rc2 31. Qd4 Qd5 32. Qxd5 exd5 33. Rd1 Nxf4 34.
Kg3 Ng6 35. Bb4 Rxa2 36. Rxd5 h6 37. Rxb5 Re2 38. Bd6 Re3+ 39. Kf2 Rxh3 40. b4
Ra3 41. Rb8+ Kh7 42. Rb7 Kg8 43. b5 Rb3 44. Ke1 Nxe5 45. Bb8 Nxg4 46. Bxa7 h5
47. Kd2 h4 48. Kc2 h3 49. Bg1 Rb4 50. Rb8+ Kh7 51. Kc3 Rb1 52. b6 Rxg1 53. b7
Rb1 54. Kc2 Rb6 {White resigns} 0-1

[Event "Team 45 45 League T50"]
[Site "Internet Chess Club"]
[Date "2011.08.15"]
[Round "1"]
[White "mickeys"]
[Black "gaibo4ever"]
[Result "1-0"]
[WhiteElo "1976"]
[BlackElo "2157"]
[Opening "King's Indian: London system"]
[ECO "A48"]
[Time "22:02:21"]
[TimeControl "2700+45"]

1. d4 Nf6 2. Nf3 g6 3. Bf4 Bg7 4. h3 d6 5. e3 O-O 6. Bd3 c5 7. c3 b6 8. O-O Bb7
9. Nbd2 Nbd7 10. Qe2 Nd5 11. Bg3 e5 12. dxe5 dxe5 13. e4 Nf4 14. Bxf4 exf4 15.
Rad1 Qe7 16. Ba6 Nf6 17. Bxb7 Qxb7 18. e5 Rfe8 19. Nc4 Ne4 20. Rfe1 f5 21. Nd6
Nxd6 22. Rxd6 Qe7 23. Qc4+ Kh8 24. Qxf4 Kg8 25. h4 Rad8 26. Qd2 h6 27. Qd5+ Kh7
28. Qd2 Rg8 29. Qd5 g5 30. hxg5 hxg5 31. Qf7 Rge8 32. Qxe7 {Black resigns} 1-0

[Event "Team 45 45 League T50"]
[Site "Internet Chess Club"]
[Date "2011.08.21"]
[Round "1"]
[White "wilson97"]
[Black "Legal"]
[Result "1/2-1/2"]
[WhiteElo "1912"]
[BlackElo "2026"]
[Opening "Sicilian: Najdorf, Opocensky variation"]
[ECO "B92"]
[Time "21:00:23"]
[TimeControl "2700+45"]

1. e4 c5 2. Nf3 d6 3. d4 cxd4 4. Nxd4 Nf6 5. Nc3 a6 6. Be2 e5 7. Nb3 Be7 8. O-O
b5 9. f3 Qb6+ 10. Kh1 Nbd7 11. a4 b4 12. Nd5 Nxd5 13. Qxd5 Bb7 14. Qd3 Rc8 15.
Be3 Qc7 16. Rac1 O-O 17. Rfd1 Nc5 18. Nxc5 dxc5 19. Qd7 c4 20. Bxc4 Qxc4 21.
Qxb7 Bc5 22. Bxc5 Rxc5 23. Qb6 h5 24. b3 Rc6 25. Qe3 Qc5 26. Qxc5 Rxc5 27. Rd5
Rxd5 28. exd5 Rc8 29. Kg1 Kf8 30. Kf2 Ke7 31. Ke3 Kd6 32. Kd3 Rc3+ 33. Ke4 g6
34. g4 hxg4 35. fxg4 Rh3 36. Rf1 f5+ 37. gxf5 Rh4+ 38. Kd3 gxf5 39. Rxf5 Kxd5
40. Rf2 Rh3+ 41. Kd2 Kd4 42. Rf8 Rxh2+ 43. Kc1 Ke3 44. Rb8 Rh1+ 45. Kb2 Rh4 46.
Rb6 Ke2 47. Rxa6 e4 48. Re6 e3 49. a5 Kf2 50. a6 e2 51. a7 Rh8 52. Rf6+ {Game
drawn by mutual agreement} 1/2-1/2

[Event "Team 45 45 League T50"]
[Site "Internet Chess Club"]
[Date "2011.08.14"]
[Round "1"]
[White "katikus"]
[Black "LazyPeon"]
[Result "1/2-1/2"]
[WhiteElo "1737"]
[BlackElo "1783"]
[Opening "Ruy Lopez: exchange variation, 5.O-O"]
[ECO "C68"]
[Time "17:00:39"]
[TimeControl "2700+45"]

1. e4 e5 2. Nf3 Nc6 3. Bb5 a6 4. Bxc6 dxc6 5. O-O Qf6 6. d4 exd4 7. Bg5 Qg6 8.
Qxd4 Be7 9. Bxe7 Nxe7 10. Qe5 Qd6 11. Qxd6 cxd6 12. h3 O-O 13. Nc3 f5 14. Rad1
fxe4 15. Nxe4 d5 16. Neg5 Ng6 17. Rfe1 Nf4 18. Nd4 h6 19. Nge6 Bxe6 20. Nxe6
Nxe6 21. Rxe6 Rae8 22. Rde1 Rxe6 23. Rxe6 Kf7 {Game drawn by mutual agreement}
1/2-1/2

[Event "Team 45 45 League T50"]
[Site "Internet Chess Club"]
[Date "2011.08.11"]
[Round "1"]
[White "ticopatzer"]
[Black "UnderRated"]
[Result "1-0"]
[WhiteElo "1662"]
[BlackElo "1588"]
[Opening "QGD: Orthodox defense, Botvinnik variation"]
[ECO "D60"]
[Time "19:01:00"]
[TimeControl "2700+45"]

1. d4 d5 2. c4 e6 3. Nc3 Nf6 4. Bg5 Nbd7 5. Nf3 Be7 6. e3 O-O 7. Bd3 dxc4 8.
Bxc4 Nb6 9. Bb3 Bd7 10. O-O a6 11. Rc1 Bb5 12. Nxb5 axb5 13. Qd3 c6 14. e4 h6
15. Bf4 g5 16. Be3 Ng4 17. e5 Nxe3 18. fxe3 c5 19. Bc2 f5 20. exf6 Rxf6 21. Qh7+
Kf8 22. Qh8+ Kf7 23. Ne5# {Black checkmated} 1-0

[Event "Team 45 45 League T50"]
[Site "Internet Chess Club"]
[Date "2011.08.13"]
[Round "1"]
[White "whiskeytown"]
[Black "Dracoac"]
[Result "0-1"]
[WhiteElo "1459"]
[BlackElo "1523"]
[Opening "French: King's Indian attack"]
[ECO "C00"]
[Time "12:05:06"]
[TimeControl "2700+45"]

1. e4 e6 2. d3 d5 3. Nd2 Nf6 4. Ngf3 c5 5. g3 b6 6. Bg2 Bb7 7. e5 Nfd7 8. O-O
Nc6 9. Re1 Qc7 10. Qe2 g6 11. c3 Bg7 12. d4 cxd4 13. cxd4 Nb4 14. Rd1 Ba6 15.
Qe3 Nc2 16. Qb3 Be2 17. Re1 Nxa1 18. Qa4 b5 19. Qa6 {White resigns} 0-1